 Dungeon Crawl Stone Soup version 0.22.1-1-ga44c0e5 (webtiles) character file.

142 Reign the Ducker (level 5, -1/47 HPs)
             Began as a Gnoll Monk on Nov 8, 2018.
             Killed by divine providence
             ... invoked by an orc priest
              (13 damage)
             ... on level 4 of the Dungeon.
             The game lasted 00:07:13 (2507 turns).

Reign the Ducker (Gnoll Monk)                       Turns: 2507, Time: 00:07:14

Health: -1/47      AC:  6    Str: 13    XL:     5   Next: 25%
Magic:  5/7        EV: 16    Int: 13    God:
Gold:   159        SH:  0    Dex: 18    Spells: 6/6 levels left

rFire    + . .     SeeInvis .   r - +1 short sword (elec)
rCold    + . .     Gourm    .   (no shield)
rNeg     . . .     Faith    .   y - +3 leather armour
rPois    .         Spirit   .   d - +0 hat
rElec    .         Reflect  .   h - scarf {rC+ rF+}
rCorr    .         Harm     .   (no gloves)
MR       .....                  (no boots)
Stlth    +++.......             (no amulet)
HPRegen  0.15/turn              o - ring of flight
MPRegen  0.10/turn              (no ring)

@: no status effects
A: distributed training, fangs 1, strong nose
a: Evoke Flight


You were on level 4 of the Dungeon.
You were hungry.

You visited 1 branch of the dungeon, and saw 4 of its levels.

You collected 159 gold pieces.

Inventory:

Hand Weapons
 i - a +2 hunting sling of velocity
 r - a +1 short sword of electrocution (weapon)
Missiles
 j - 137 stones (quivered)
Armour
 d - a +0 hat (worn)
 h - a scarf of resistance (worn)
 q - a +0 chain mail
 y - a +3 leather armour (worn)
Jewellery
 o - a ring of flight (left hand)
Scrolls
 k - 7 scrolls of remove curse
 n - a scroll of teleportation
 s - a scroll of fear
 u - a scroll of enchant weapon
 z - a scroll of fog {unknown}
Potions
 f - a potion of might {unknown}
 t - a potion of lignification {unknown}
 w - 2 potions of ambrosia {unknown}
Comestibles
 c - 10 rations


   Skills:
 + Level 6.6 Fighting
 + Level 1.4 Short Blades
 + Level 6.6 Long Blades
 + Level 1.4 Axes
 + Level 1.4 Maces & Flails
 + Level 1.4 Polearms
 + Level 1.4 Staves
 + Level 1.4 Slings
 + Level 1.4 Bows
 + Level 1.4 Crossbows
 + Level 1.4 Throwing
 + Level 1.4 Armour
 + Level 6.6 Dodging
 + Level 4.3 Stealth
 + Level 1.4 Shields
 + Level 1.4 Unarmed Combat
 + Level 1.4 Spellcasting
 + Level 1.1 Conjurations
 + Level 1.1 Hexes
 + Level 1.1 Charms
 + Level 1.1 Summonings
 + Level 1.1 Necromancy
 + Level 1.1 Translocations
 + Level 1.1 Transmutations
 + Level 1.1 Fire Magic
 + Level 1.1 Ice Magic
 + Level 1.1 Air Magic
 + Level 1.1 Earth Magic
 + Level 1.1 Poison Magic
 + Level 1.5 Invocations
 + Level 1.4 Evocations


You had 6 spell levels left.
You didn't know any spells.
Your spell library was empty.

Dungeon Overview and Level Annotations

Branches:
Dungeon (4/15)
 Temple: D:4-7

Altars:
Ru


Innate Abilities, Weirdness & Mutations

Your experience applies equally to all skills.
You have very sharp teeth.
Your uncanny sense of smell can sniff out nearby items.


Message History

The orc priest mumbles some strange prayers to Beogh against you.
Beogh smites you!
* * * LOW HITPOINT WARNING * * *
You feel better. The orc barely misses you.
You hit the orc.
The orc is lightly wounded.
The orc hits you but does no damage.
You hit the orc but do no damage.
The orc is lightly wounded.
The orc completely misses you.
You hit the orc. Lightning courses through the orc!
You kill the orc!
The orc priest mumbles some strange prayers to Beogh against you.
Pain shoots through your body!
* * * LOW HITPOINT WARNING * * *
You feel better.
You closely miss the orc priest.
The orc priest mumbles some strange prayers to Beogh against you.
Beogh smites you!
You die...

*,,,* ********* ##### *,,,*
*,,,,,,,* #...# *,,,**
*,,,,,,,* #...# *,,,,*
*,,,,,,,* #.<.#**,,,,*
*,,,,,,,#*** #...##,,,,,*
*,,,,,,,...##** #....#.##*,*
*,,,,,,,*#....###..[....#*,*
*,,,,,,,,***#.†@o....(#..*,*
********,,**#####.....#*.#,*
*,,,,,,,,* ###...#*,.,**
*,,,,,,,,* *...#**,,,*
*,,,,,,,,** *o..#**,,,**
*,,,,,,,,,** *.....,,*,>**
*,,,,,,,,,,*****,.###*,*,,,**
*,,,,,,,,*,,,,*,,** *,,,*,,*
*,,,,,>,,,***,,,,* **,,,,,,


You could see an orc priest.

Vanquished Creatures
  A bullfrog (D:4)
  A worker ant (D:4)
  A worm (D:3)
  A dart slug (D:1)
  5 orcs
  2 bats
  A giant cockroach (D:1)
  8 goblins
  3 hobgoblins
  9 jackals
  A quokka (D:2)
  2 frilled lizards (D:3)
  3 kobolds
  3 rats
41 creatures vanquished.

Notes
Turn   | Place    | Note
-------+----------+-------------------------------------------
     0 | D:1      | Reign the Gnoll Monk began the quest for the Orb.
     0 | D:1      | Reached XP level 1. HP: 23/23 MP: 1/1
   222 | D:1      | Reached XP level 2. HP: 29/29 MP: 2/2
   783 | D:2      | Reached XP level 3. HP: 29/35 MP: 3/3
  1032 | D:2      | Found a sacrificial altar of Ru.
  1671 | D:3      | Reached skill level 1 in Invocations
  2490 | D:4      | Noticed a bullfrog
  2492 | D:4      | Reached skill level 1 in Short Blades
  2492 | D:4      | Reached skill level 1 in Axes
  2492 | D:4      | Reached skill level 1 in Maces & Flails
  2492 | D:4      | Reached skill level 1 in Polearms
  2492 | D:4      | Reached skill level 1 in Staves
  2492 | D:4      | Reached skill level 1 in Slings
  2492 | D:4      | Reached skill level 1 in Bows
  2492 | D:4      | Reached skill level 1 in Crossbows
  2492 | D:4      | Reached skill level 1 in Throwing
  2492 | D:4      | Reached skill level 1 in Armour
  2492 | D:4      | Reached skill level 1 in Shields
  2492 | D:4      | Reached skill level 1 in Unarmed Combat
  2492 | D:4      | Reached skill level 1 in Spellcasting
  2492 | D:4      | Reached skill level 1 in Evocations
  2492 | D:4      | Reached XP level 4. HP: 36/41 MP: 5/5
  2501 | D:4      | Killed a bullfrog
  2501 | D:4      | Reached skill level 1 in Conjurations
  2501 | D:4      | Reached skill level 1 in Hexes
  2501 | D:4      | Reached skill level 1 in Charms
  2501 | D:4      | Reached skill level 1 in Summonings
  2501 | D:4      | Reached skill level 1 in Necromancy
  2501 | D:4      | Reached skill level 1 in Translocations
  2501 | D:4      | Reached skill level 1 in Transmutations
  2501 | D:4      | Reached skill level 1 in Fire Magic
  2501 | D:4      | Reached skill level 1 in Ice Magic
  2501 | D:4      | Reached skill level 1 in Air Magic
  2501 | D:4      | Reached skill level 1 in Earth Magic
  2501 | D:4      | Reached skill level 1 in Poison Magic
  2501 | D:4      | Reached XP level 5. HP: 20/47 MP: 5/7
  2507 | D:4      | Killed from afar by an orc priest

Skill      XL: |  1  2  3  4 |
---------------+-------------+-----
Invocations    | 1 |  1.5
Short Blades   | 1 |  1.4
Axes           | 1 |  1.4
Maces & Flails | 1 |  1.4
Polearms       | 1 |  1.4
Staves         | 1 |  1.4
Slings         | 1 |  1.4
Bows           | 1 |  1.4
Crossbows      | 1 |  1.4
Throwing       | 1 |  1.4
Armour         | 1 |  1.4
Shields        | 1 |  1.4
Unarmed Combat | 1 |  1.4
Spellcasting   | 1 |  1.4
Evocations     | 1 |  1.4
Conjurations   | 1 |  1.1
Hexes          | 1 |  1.1
Charms         | 1 |  1.1
Summonings     | 1 |  1.1
Necromancy     | 1 |  1.1
Translocations | 1 |  1.1
Transmutations | 1 |  1.1
Fire Magic     | 1 |  1.1
Ice Magic      | 1 |  1.1
Air Magic      | 1 |  1.1
Earth Magic    | 1 |  1.1
Poison Magic   | 1 |  1.1
Fighting       | |  6.6
Long Blades    | |  6.6
Dodging        | |  6.6
Stealth        | |  4.3

Action                   |  1- 3 |  4- 6 || total
-------------------------+-------+-------++-------
Melee: Falchion          |    90 |       ||    90
       Bite              |    10 |     1 ||    11
       Short sword       |     4 |    13 ||    17
 Fire: Hunting sling     |     1 |       ||     1
  Use: Scroll            |     9 |       ||     9
       Potion            |       |     2 ||     2
 Stab: Sleeping          |     6 |       ||     6
       Distracted        |     1 |       ||     1
  Eat: Chunk             |     4 |       ||     4
Armor: Robe              |     2 |       ||     2
       Ring mail         |     1 |       ||     1
       Leather armour    |       |     1 ||     1
Dodge: Dodged            |    62 |     8 ||    70
       Rpst.: Falchion   |    21 |       ||    21
